BLB
CALIFORNIA KODIAKS @ BALTIMORE BULLDOGS
03/15/2060
 
TOP OF THE 1ST
California Kodiaks batting - Pitching for Baltimore Bulldogs : RHP Oliver Lanham
Pitching: RHP Oliver Lanham
Batting: SHB Brady Hill 0-0: Called Strike
0-1: Swinging Strike
0-2: Foul Ball, location: 2F
0-2: Foul Ball, location: 2F
0-2: Strikes out swinging
Batting: RHB Hayden Cornett 0-0: Ball
1-0: Foul Ball, location: 2F
1-1: Called Strike
1-2: Foul Ball, location: 2F
1-2: Strikes out swinging
Batting: SHB Jaylin Godsey 0-0: Ball
1-0: Foul Ball, location: 2F
1-1: Ball
2-1: Ball
3-1: Called Strike
3-2: DOUBLE (Line Drive, 9LD, EV 105.6 MPH)
Batting: LHB Stephen Caskey 0-0: Ball
1-0: Swinging Strike
1-1: Ball
2-1: DOUBLE (Line Drive, 9LD, EV 110.6 MPH)
Jaylin Godsey scores
Batting: RHB Rory Elia Jr. 0-0: Swinging Strike
0-1: Ground out 5-3 (Groundball, 5S, EV 70.6 MPH)
Top of the 1st over - 1 run, 2 hits, 0 errors, 1 left on base; California 1 - Baltimore 0
BOTTOM OF THE 1ST
Baltimore Bulldogs batting - Pitching for California Kodiaks : RHP Chase Lowe
Pitching: RHP Chase Lowe
Batting: RHB Joseph Olsen 0-0: Called Strike
0-1: Ball
1-1: Foul Ball, location: 2F
1-2: Foul Ball, location: 2F
1-2: Strikes out looking
Batting: LHB Justin Castiglioni 0-0: Swinging Strike
0-1: Ground out 6-3 (Groundball, 6, EV 94.4 MPH)
Batting: SHB Val Schmit 0-0: Ball
1-0: Ball
2-0: Ball
3-0: Called Strike
3-1: Base on Balls
Batting: LHB Andy Wulfeck 0-0: Called Strike
0-1: Ground out U3 (Groundball, 34, EV 96.9 MPH)
Bottom of the 1st over - 0 runs, 0 hits, 0 errors, 1 left on base; California 1 - Baltimore 0
TOP OF THE 2ND
California Kodiaks batting - Pitching for Baltimore Bulldogs : RHP Oliver Lanham
Batting: RHB C.J. Spicer 0-0: Swinging Strike
0-1: Foul Ball, location: 2F
0-2: Ball
1-2: Strikes out swinging, 2-3 out at first.
Batting: RHB Shelton Gallegos 0-0: Called Strike
0-1: Ball
1-1: Called Strike
1-2: Strikes out swinging
Batting: LHB Keon Kakazai 0-0: SINGLE (Groundball, 25, EV 70.0 MPH) (infield hit)
Batting: RHB Nickolas Keyes 0-0: Ball
Keon Kakazai steals 2nd base
1-0: Fly out, F4 (Popup, 34D, EV 56.2 MPH)
Top of the 2nd over - 0 runs, 1 hit, 0 errors, 1 left on base; California 1 - Baltimore 0
BOTTOM OF THE 2ND
Baltimore Bulldogs batting - Pitching for California Kodiaks : RHP Chase Lowe
Batting: RHB Sonny Zidane 0-0: Ball
1-0: Fly out, F8 (Flyball, 8LXD, EV 90.6 MPH)
Batting: RHB Stephen Cuff 0-0: Ball
1-0: Called Strike
1-1: Swinging Strike
1-2: Strikes out swinging, 2-3 out at first.
Batting: RHB Neil Shoemaker 0-0: Ball
1-0: Ground out 6-3 (Groundball, 6M, EV 87.5 MPH)
Bottom of the 2nd over - 0 runs, 0 hits, 0 errors, 0 left on base; California 1 - Baltimore 0
TOP OF THE 3RD
California Kodiaks batting - Pitching for Baltimore Bulldogs : RHP Oliver Lanham
Batting: SHB Brady Hill 0-0: Foul Ball, location: 2F
0-1: Ball
1-1: Swinging Strike
1-2: Strikes out swinging
Batting: RHB Hayden Cornett 0-0: Ball
1-0: Ball
2-0: DOUBLE (Line Drive, 8LXD, EV 99.4 MPH)
Batting: SHB Jaylin Godsey 0-0: Called Strike
0-1: Ball
1-1: Ball
2-1: Swinging Strike
2-2: Foul Ball, location: 2F
2-2: Ground out 1-3 (Groundball, 13S, EV 71.2 MPH)
Hayden Cornett to third
Batting: LHB Stephen Caskey 0-0: Ball
1-0: Foul Ball, location: 2F
1-1: DOUBLE (Line Drive, 89XD, EV 110.0 MPH)
Hayden Cornett scores
Batting: RHB Rory Elia Jr. 0-0: Fly out, F7 (Line Drive, 7LM, EV 89.4 MPH)
Top of the 3rd over - 1 run, 2 hits, 0 errors, 1 left on base; California 2 - Baltimore 0
BOTTOM OF THE 3RD
Baltimore Bulldogs batting - Pitching for California Kodiaks : RHP Chase Lowe
Batting: LHB Peter Clothier 0-0: Fly out, F9 (Line Drive, 9S, EV 85.0 MPH)
Batting: RHB Antonio Boyle 0-0: Fly out, F8 (Line Drive, 78M, EV 98.1 MPH)
Batting: RHB Joseph Olsen 0-0: Called Strike
0-1: Called Strike
0-2: Ball
1-2: Ball
2-2: SINGLE (Line Drive, 89M, EV 110.6 MPH)
Batting: LHB Justin Castiglioni 0-0: Called Strike
Joseph Olsen steals 2nd base
0-1: Ball
1-1: Ball
2-1: Ground out 1-3 (Groundball, 13S, EV 65.6 MPH)
Bottom of the 3rd over - 0 runs, 1 hit, 0 errors, 1 left on base; California 2 - Baltimore 0
TOP OF THE 4TH
California Kodiaks batting - Pitching for Baltimore Bulldogs : RHP Oliver Lanham
Batting: RHB C.J. Spicer 0-0: Ball
1-0: Swinging Strike
1-1: Foul Ball, location: 2F
1-2: Fly out, F7 (Flyball, 7S, EV 91.2 MPH)
Batting: RHB Shelton Gallegos 0-0: Fly out, F8 (Flyball, 8RS, EV 87.5 MPH)
Batting: LHB Keon Kakazai 0-0: Ball
1-0: Ball
2-0: DOUBLE (Flyball, 8RD, EV 99.4 MPH)
Batting: RHB Nickolas Keyes 0-0: Ball
1-0: Ball
2-0: Called Strike
2-1: Foul Ball, location: 2F
2-2: Foul Ball, location: 2F
2-2: Strikes out swinging
Top of the 4th over - 0 runs, 1 hit, 0 errors, 1 left on base; California 2 - Baltimore 0
BOTTOM OF THE 4TH
Baltimore Bulldogs batting - Pitching for California Kodiaks : RHP Chase Lowe
Batting: SHB Val Schmit 0-0: Foul Ball, location: 2F
0-1: Ball
1-1: Called Strike
1-2: Strikes out swinging
Batting: LHB Andy Wulfeck 0-0: Ball
1-0: Ball
2-0: Called Strike
2-1: Ground out 4-3 (Groundball, 4, EV 107.5 MPH)
Batting: RHB Sonny Zidane 0-0: Called Strike
0-1: Ball
1-1: Foul Ball, location: 2F
1-2: Ground out U3 (Groundball, 3L, EV 106.9 MPH)
Bottom of the 4th over - 0 runs, 0 hits, 0 errors, 0 left on base; California 2 - Baltimore 0
TOP OF THE 5TH
California Kodiaks batting - Pitching for Baltimore Bulldogs : RHP Oliver Lanham
Batting: SHB Brady Hill 0-0: Fly out, F9 (Flyball, 9D, EV 96.9 MPH)
Batting: RHB Hayden Cornett 0-0: Called Strike
0-1: Foul Ball, location: 2F
0-2: Strikes out swinging
Pinch Hitting: LHB Joey Robertson 0-0: Called Strike
0-1: Ball
1-1: Swinging Strike
1-2: Strikes out looking
Top of the 5th over - 0 runs, 0 hits, 0 errors, 0 left on base; California 2 - Baltimore 0
BOTTOM OF THE 5TH
Baltimore Bulldogs batting - Pitching for California Kodiaks : RHP Chase Lowe
Now in LF: Brady Hill
Now in CF: Stephen Caskey
Now in RF: Joey Robertson
Batting: RHB Stephen Cuff 0-0: Called Strike
0-1: Foul Ball, location: 2F
0-2: Ball
1-2: Fly out, F9 (Flyball, 9D, EV 103.8 MPH)
Batting: RHB Neil Shoemaker 0-0: DOUBLE (Line Drive, 9LD, EV 105.0 MPH)
Batting: LHB Peter Clothier 0-0: Called Strike
0-1: Called Strike
0-2: Ball
1-2: Ball
2-2: Ball
3-2: Foul Ball, location: 2F
3-2: Ground out 1-3 (Groundball, 13S, EV 68.8 MPH)
Neil Shoemaker to third
Batting: RHB Antonio Boyle 0-0: Ball
1-0: Ball
2-0: Foul Ball, location: 2F
2-1: Foul Ball, location: 2F
2-2: Ball
3-2: Foul Ball, location: 2F
3-2: DOUBLE (Flyball, 78D, EV 96.9 MPH)
Neil Shoemaker scores
Batting: RHB Joseph Olsen 0-0: SINGLE (Groundball, 6M, EV 100.0 MPH) (infield hit)
Antonio Boyle to third
Pitching: RHP Ian Park
Pinch Hitting: LHB Charlie Estes 0-0: Foul Ball, location: 2F
0-1: Foul Ball, location: 2F
0-2: Ball
1-2: Strikes out swinging
Bottom of the 5th over - 1 run, 3 hits, 0 errors, 2 left on base; California 2 - Baltimore 1
TOP OF THE 6TH
California Kodiaks batting - Pitching for Baltimore Bulldogs : RHP Oliver Lanham
Pitching: RHP Curtis Huntsinger
Now in CF: Charlie Estes
Now in RF: Joseph Olsen
Pinch Hitting: RHB Mitt Saginashvili 0-0: Foul Ball, location: 2F
0-1: Swinging Strike
0-2: Foul Ball, location: 2F
0-2: Strikes out swinging
Pinch Hitting: RHB Dante Nunn 0-0: Swinging Strike
0-1: Ground out 5-3 (Groundball, 56S, EV 91.9 MPH)
Pinch Hitting: RHB Kyle Leonard 0-0: Fly out, F8 (Flyball, 89D, EV 82.5 MPH)
Top of the 6th over - 0 runs, 0 hits, 0 errors, 0 left on base; California 2 - Baltimore 1
BOTTOM OF THE 6TH
Baltimore Bulldogs batting - Pitching for California Kodiaks : RHP Ian Park
Pitching: RHP Graham Hunter
Now at 2B: Dante Nunn
Now at 3B: Kyle Leonard
Now in CF: Mitt Saginashvili
Batting: LHB Shan Waseem 0-0: Ground out 4-3 (Groundball, 4D, EV 100.6 MPH)
Pinch Hitting: SHB Ulisses Schnopp 0-0: Ground out U3 (Groundball, 34S, EV 66.9 MPH)
Pinch Hitting: SHB Cole Watson 0-0: Ball
1-0: Called Strike
1-1: Swinging Strike
1-2: Ball
2-2: Ground out 6-3 (Groundball, 6M, EV 83.1 MPH)
Bottom of the 6th over - 0 runs, 0 hits, 0 errors, 0 left on base; California 2 - Baltimore 1
TOP OF THE 7TH
California Kodiaks batting - Pitching for Baltimore Bulldogs : RHP Curtis Huntsinger
Pitching: RHP Brian Roberts
Now at 1B: Cole Watson
Now in LF: Ulisses Schnopp
Batting: RHB Shelton Gallegos 0-0: Ball
1-0: Called Strike
1-1: Ball
2-1: Foul Ball, location: 2F
2-2: Fly out, F7 (Flyball, 7, EV 73.1 MPH)
Batting: RHB Kelvin Young 0-0: SINGLE (Groundball, 6MD, EV 103.1 MPH)
Pinch Runner at 1st Zack Simmons:
Pinch Hitting: RHB Caron Wilson 0-0: Ball
1-0: Ball
2-0: SINGLE (Groundball, 56D, EV 98.1 MPH)
Zack Simmons to second
Pinch Hitting: RHB Spencer Stephens 0-0: Ball
Zack Simmons steals 3rd base (no throw)
1-0: SINGLE (Line Drive, 78S, EV 92.5 MPH)
Zack Simmons scores
Caron Wilson to second
Pinch Hitting: LHB Idris Wnuk 0-0: Ball
1-0: Ball
2-0: Foul Ball, location: 2F
2-1: Swinging Strike
2-2: Ball
3-2: Foul Ball, location: 2F
3-2: Base on Balls
Caron Wilson to third
Spencer Stephens to second
Batting: LHB Joey Robertson 0-0: Ball
1-0: Called Strike
1-1: Ball
2-1: Ball
3-1: Foul Ball, location: 2F
3-2: Strikes out swinging
Batting: RHB Mitt Saginashvili 0-0: Ball
1-0: Swinging Strike
1-1: Fielders Choice at 2nd, 6-4 (Groundball, 6, EV 86.2 MPH)
Top of the 7th over - 1 run, 3 hits, 0 errors, 3 left on base; California 3 - Baltimore 1
BOTTOM OF THE 7TH
Baltimore Bulldogs batting - Pitching for California Kodiaks : RHP Graham Hunter
Now at 1B: Idris Wnuk
Now at SS: Caron Wilson
Now in LF: Joey Robertson
Now in RF: Spencer Stephens
Batting: RHB Stephen Cuff 0-0: Called Strike
0-1: Ball
1-1: SINGLE (Flyball, 5D, EV 93.8 MPH)
Batting: RHB Neil Shoemaker 0-0: Called Strike
0-1: Ball
Stephen Cuff is caught stealing 2nd base 2-4
1-1: Fly out, F6 (Popup, 6, EV 78.1 MPH)
Pinch Hitting: LHB Owen Keimig 0-0: Ball
1-0: Ball
2-0: Ground out 4-3 (Groundball, 4, EV 85.6 MPH)
Bottom of the 7th over - 0 runs, 1 hit, 0 errors, 0 left on base; California 3 - Baltimore 1
TOP OF THE 8TH
California Kodiaks batting - Pitching for Baltimore Bulldogs : RHP Brian Roberts
Pitching: LHP Rakeem Senegal
Now at 2B: Owen Keimig
Batting: RHB Dante Nunn 0-0: Called Strike
0-1: Ground out 6-3 (Groundball, P, EV 86.9 MPH)
Batting: RHB Kyle Leonard 0-0: Ball
1-0: SINGLE (Line Drive, 78M, EV 98.8 MPH)
Batting: RHB Shelton Gallegos 0-0: Ball
1-0: Foul Ball, location: 2F
1-1: Ball
2-1: SINGLE (Line Drive, 8LS, EV 94.4 MPH)
Kyle Leonard to second
Batting: RHB Zack Simmons 0-0: Ball
1-0: Ball
2-0: Called Strike
2-1: Grounds into double play, 4-6-3 (Groundball, 13, EV 86.9 MPH)
Top of the 8th over - 0 runs, 2 hits, 0 errors, 1 left on base; California 3 - Baltimore 1
BOTTOM OF THE 8TH
Baltimore Bulldogs batting - Pitching for California Kodiaks : RHP Graham Hunter
Pitching: RHP Addison Diehl
Now at C: Sean Catron
Batting: RHB Antonio Boyle 0-0: Called Strike
0-1: Ball
1-1: Foul Ball, location: 2F
1-2: Ball
2-2: Ball
3-2: Foul Ball, location: 2F
3-2: Base on Balls
Pinch Hitting: LHB Gregg Flores 0-0: Called Strike
0-1: Ball
1-1: Fly out, F8 (Flyball, 78D, EV 99.4 MPH)
Batting: LHB Charlie Estes 0-0: Called Strike
0-1: Ball
1-1: Swinging Strike
1-2: Ball
Wild Pitch!
Antonio Boyle to second
2-2: Strikes out looking
Batting: LHB Shan Waseem 0-0: Called Strike
0-1: SINGLE (Groundball, 25, EV 65.0 MPH) (infield hit)
Antonio Boyle to third
Batting: SHB Ulisses Schnopp 0-0: Ball
1-0: Called Strike
1-1: Ball
2-1: 3-RUN HOME RUN (Flyball, 8RXD, EV 115.0 MPH), Distance : 435 ft
Pitching: RHP Dionte Claridy
Batting: SHB Cole Watson 0-0: Foul Ball, location: 2F
0-1: Ball
1-1: Foul Ball, location: 2F
1-2: Ball
2-2: Strikes out swinging, 2-3 out at first.
Bottom of the 8th over - 3 runs, 2 hits, 0 errors, 0 left on base; California 3 - Baltimore 4
TOP OF THE 9TH
California Kodiaks batting - Pitching for Baltimore Bulldogs : LHP Rakeem Senegal
Pitching: RHP Shadell Williams
Now in RF: Gregg Flores
Batting: RHB Caron Wilson 0-0: Called Strike
0-1: Ball
1-1: Ball
2-1: Foul Ball, location: 2F
2-2: Ground out 6-3 (Groundball, 56S, EV 86.9 MPH)
Batting: RHB Spencer Stephens 0-0: Foul Ball, location: 2F
0-1: Foul Ball, location: 2F
0-2: Ball
1-2: SINGLE (Groundball, 6MD, EV 100.6 MPH)
Batting: LHB Idris Wnuk 0-0: Called Strike
0-1: Called Strike
0-2: Ball
1-2: Foul Ball, location: 2F
1-2: Strikes out looking
Pinch Hitting: RHB Damon Squyres 0-0: Foul Ball, location: 2F
0-1: Ball
1-1: Swinging Strike
1-2: Ball
2-2: Foul Ball, location: 2F
2-2: Ball
3-2: Foul Ball, location: 2F
3-2: Base on Balls
Spencer Stephens to second
Batting: RHB Mitt Saginashvili 0-0: Called Strike
0-1: Ball
1-1: Ball
2-1: Foul Ball, location: 2F
2-2: Strikes out swinging
Top of the 9th over - 0 runs, 1 hit, 0 errors, 2 left on base; California 3 - Baltimore 4
Wednesday, April 17th , 2024 - OOTP Baseball 23.10 Build 110